 Dungeon Crawl Stone Soup version 0.30-a0-458-g86641cc369 (webtiles) character file.

Game seed: 412439302026539359

4109 Jackthecabe the Destroyer (level 9, -5/67 (69) HPs)
             Began as a Demigod Conjurer on Dec 15, 2022.
             Slain by a death yak (20 damage)
             ... on level 7 of the Dungeon.
             The game lasted 00:18:44 (9955 turns).

Jackthecabe the Destroyer (Demigod Conjurer)        Turns: 9955, Time: 00:18:45

HP:   -5/67 (69)    AC:  6    Str:  8    XL:     9   Next: 78%
MP:   3/18          EV: 12    Int: 32    God:
Gold: 360           SH:  0    Dex: 12    Spells: 6/16 levels left

rFire   + . .      SeeInvis .    A - +2 dagger (venom)
rCold   . . .      Faith    .    (no shield)
rNeg    . . .      Spirit   .    a - +0 robe
rPois   .          Reflect  .    v - +2 hat
rElec   .          Harm     .    E - +0 cloak
rCorr   +          Rampage  .    r - +0 pair of gloves
Will    .....                    (no boots)
Stlth   ++........               (no amulet)
HPRegen 0.31/turn                R - ring of resist corrosion
MPRegen 0.16/turn                F - ring of protection from fire

@: lightly drained
A: high MP 1, forlorn, divine attributes
a: no special abilities


You were on level 7 of the Dungeon.
You visited 2 branches of the dungeon, and saw 9 of its levels.

You collected 360 gold pieces.


Innate Abilities, Weirdness & Mutations

You have an increased reservoir of magic. (+10% MP)
You shall have no god before yourself.
Your divine heritage dramatically boosts your attributes as you level up.


   Skills:
 - Level 3.0 Fighting
 + Level 6.9 Ranged Weapons
 - Level 3.0 Armour
 - Level 1.7 Dodging
 - Level 1.7 Stealth
 - Level 4.0 Spellcasting
 - Level 8.0 Conjurations
 - Level 6.0 Hexes
 - Level 2.0 Evocations


You had 6 spell levels left.
You knew the following spells:

 Your Spells              Type           Power      Damage    Failure   Level
f - Inner Flame           Hex/Fire       25%        N/A       4%          3
m - Magic Dart            Conj           100%       1d8       1%          1
p - Fulminant Prism       Conj/Hex       25%        3d14      3%          4
s - Searing Ray           Conj           100%       2d8       1%          2

Your spell library contained the following spells:

 Spells                   Type           Power      Damage    Failure   Level
 Dazzling Flash           Conj/Hex       100%       N/A       1%          3
 Ensorcelled Hibernation  Hex/Ice        50%        N/A       2%          2
 Summon Guardian Golem    Hex/Summ       25%        N/A       4%          3
 Summon Small Mammal      Summ           24%        N/A       5%          1
 Flame Wave               Conj/Fire      32%        2d9       11%         4
 Iskenderun's Mystic Bla  Conj/Tloc      32%        2d8       11%         4
 Sticky Flame             Conj/Fire      32%        2d5       11%         4
 Anguish                  Hex/Necr       12%        N/A       16%         4
 Call Canine Familiar     Summ           6%         N/A       17%         3
 Spider Form              Tmut/Pois      6%         N/A       17%         3

Inventory:

Hand Weapons
 A - a +2 dagger of venom (weapon)
 C - a +0 hand crossbow
 G - the +8 trident of the Evil Eye {speed, Will- Str+3 Int+2}
   (You found it on level 7 of the Dungeon)

   Attacks with this weapon are significantly faster.
   Str:       It affects your strength (+3).
   Int:       It affects your intelligence (+2).
   Will:      It decreases your willpower.
Missiles
 z - a throwing net {=f}
Armour
 a - a +0 robe (worn)
 n - a +0 helmet
 r - a +0 pair of gloves (worn)
 v - a +2 hat (worn)
 E - a +0 cloak (worn)
Jewellery
 F - a ring of protection from fire (right hand)
 R - a ring of resist corrosion (left hand)
Wands
 t - a wand of digging (3)
 u - a wand of quicksilver (13)
 x - a wand of paralysis (13)
Scrolls
 c - 4 scrolls of immolation {unknown}
 d - 2 scrolls of brand weapon {unknown}
 e - 2 scrolls of blinking {unknown}
 f - 4 scrolls of identify {unknown}
 h - 2 scrolls of torment {unknown}
 j - 8 scrolls of teleportation {unknown}
 p - 3 scrolls of fear {unknown}
 s - a scroll of magic mapping {unknown}
 y - a scroll of butterflies {unknown}
 B - a scroll of amnesia {unknown}
 D - 2 scrolls of vulnerability {unknown}
Potions
 b - a potion of magic
 g - 2 potions of degeneration {unknown}
 i - 3 potions of might {unknown}
 k - 4 potions of brilliance {unknown}
 l - a potion of curing {unknown}
 m - 3 potions of attraction {unknown}
 o - a potion of heal wounds {unknown}
 q - a potion of mutation {unknown}
 w - a potion of lignification {unknown}

Dungeon Overview and Level Annotations

Branches:
Dungeon (8/15)             Temple (1/1) D:7            Lair (0/5) D:8

Shops:
D:3

= ..####..###)#
#.#...............
..# #..# #.#
#.###8............
..# #..# #.# #.#
##............
..####..# #<# #.#
#..○○.☼......
...[.#..###)# #.#
#........°...
........)...# #.#
#..°...°...○.
..#.....##### #.#
#...○.....°☼.
..<.....# #.#
#............
)##....## #@##
#############
.......# #.Y# #.#
#. ..###### ##.#
#(# #. #.# #.#
##.## #. #.# #.#
#...###. #.# #.#
#.#..... #.# #.#
#[..###. #.# #.#
#######. #.# #.#
#....


You could see a death yak.


Message History

Okay, then.
Casting: Fulminant Prism (dangerous; 3% risk of failure)
Confirm with . or Enter, or press ? or * to list all spells.
Aiming: Searing Ray (safe; 1% risk of failure)
Press: ? - help, Shift-Dir - straight line, f - death yak
Aim: a death yak (severely wounded, 94% to hit)
The searing ray hits the death yak.
The death yak is severely wounded. (Press . to maintain the ray.)
The searing ray hits the death yak.
The death yak is severely wounded.
The death yak gores you.
The searing ray hits the death yak but does no damage.
The death yak is severely wounded.
The death yak gores you!
The searing ray hits the death yak!
The death yak is severely wounded.
You finish channelling your searing ray.
The death yak gores you!!
* * * LOW HITPOINT WARNING * * *
Unknown command.
The vampire mosquito bites you!
* * * LOW HITPOINT WARNING * * *
The vampire mosquito draws strength from your injuries!
The death yak gores you.
* * * LOW HITPOINT WARNING * * *
You climb upwards.
There is a stone staircase leading down, spattered with blood here.
The death yak attacks as you move away! The death yak gores you!!
You die...

Skill      XL: |  1  2  3  4  5  6  7  8  9 |
---------------+----------------------------+-----
Spellcasting   | 2 3 4 |  4.0
Conjurations   | 4 5 6 8 |  8.0
Hexes          | 1 2 3 4 6 |  6.0
Fighting       | 2 3 |  3.0
Evocations     | 1 2 |  2.0
Armour         | 3 |  3.0
Ranged Weapons | 6 |  6.9
Dodging        | |  1.7
Stealth        | |  1.7

Action                   |  1- 3 |  4- 6 |  7- 9 || total
-------------------------+-------+-------+-------++-------
Melee: Unarmed           |    22 |       |     2 ||    24
       Punch             |       |       |     1 ||     1
       Dagger            |       |       |     7 ||     7
 Cast: Magic Dart        |    80 |    99 |   117 ||   296
       Searing Ray       |     4 |    11 |    40 ||    55
       Fulminant Prism   |       |     9 |    14 ||    23
       Inner Flame       |       |       |     5 ||     5
Armor: Robe              |    17 |     1 |    13 ||    31
Dodge: Dodged            |    35 |    11 |    50 ||    96

Levels and vault maps discovered:
D:1:      scummos_arrival_star, layout_loops_ring
D:2:      layout_basic, uniq_jessica, uniq_terence
D:3:      layout_rooms, serial_shops, shop, lemuel_flame_loot_1, uniq_robin
D:4:      layout_cave_pools, gammafunk_temple_overflow_pools, nrook_campfire,
          nicolae_concentric_dashed_squares_mild, uniq_blork_the_orc,
          uniq_duvessa
D:5:      layout_loops_cross
D:6:      layout_layer_cave, uniq_prince_ribbit1
D:7:      layout_loops_ring, lemuel_temple_firewalk_a
D:8:      layout_cave_pools, dpeg_lair_monsters, serial_glass, glass_columns_a,
          glass_columns_a, glass_columns_b, glass_columns_a, glass_columns_a,
          glass_columns_a, glass_columns_b, glass_columns_a, serial_shops,
          kennysheep_mini, chequers_serial_rivers_room_b
Temple:   mainiacjoe_temple_cubbyholes

Notes
Turn   | Place    | Note
-------+----------+-------------------------------------------
     0 | D:1      | Jackthecabe the Demigod Conjurer began the quest for the
                  | Orb.
     0 | D:1      | Reached XP level 1. HP: 14/14 MP: 5/5
   129 | D:1      | Reached skill level 2 in Spellcasting
   229 | D:1      | Reached XP level 2. HP: 20/20 MP: 0/7
   279 | D:1      | Learned a level 2 spell: Searing Ray
   484 | D:1      | Reached skill level 4 in Conjurations
   917 | D:1      | Reached XP level 3. HP: 26/26 MP: 7/9
  1480 | D:2      | Noticed Terence
  1486 | D:2      | Killed Terence
  1712 | D:2      | Noticed Jessica
  1714 | D:2      | Killed Jessica
  1715 | D:2      | Reached skill level 1 in Hexes
  1715 | D:2      | Reached XP level 4. HP: 33/33 MP: 6/11
  1785 | D:2      | Reached skill level 3 in Spellcasting
  1833 | D:2      | You fall into a shaft and drop 1 floor!
  1838 | D:3      | Noticed a necrophage
  1844 | D:3      | Killed a necrophage
  1845 | D:3      | Reached skill level 2 in Hexes
  1845 | D:3      | Reached XP level 5. HP: 38/38 MP: 4/12
  2054 | D:2      | Learned a level 3 spell: Inner Flame
  2410 | D:3      | Reached skill level 5 in Conjurations
  2427 | D:3      | Noticed Robin
  2594 | D:3      | Learned a level 4 spell: Fulminant Prism
  2636 | D:3      | Killed Robin
  2715 | D:3      | Found Faeqass's Jewellery Boutique.
  3241 | D:4      | Noticed an ogre
  3290 | D:4      | Noticed Dowan
  3290 | D:4      | Noticed an ogre
  3294 | D:4      | Noticed Duvessa
  3575 | D:4      | Killed an ogre
  3576 | D:4      | Reached skill level 3 in Hexes
  3576 | D:4      | Reached XP level 6. HP: 45/45 MP: 2/13
  3578 | D:4      | Noticed Blork the orc
  4503 | D:4      | Killed Duvessa
  4504 | D:4      | Reached skill level 6 in Conjurations
  4504 | D:4      | Reached skill level 4 in Hexes
  4545 | D:3      | Reached XP level 7. HP: 50/50 MP: 2/14
  4637 | D:4      | Killed Dowan
  4638 | D:4      | Reached skill level 5 in Hexes
  4778 | D:4      | Killed Blork the orc
  4895 | D:5      | Entered Level 5 of the Dungeon
  4895 | D:5      | Noticed a yak
  4895 | D:5      | Noticed a yak
  4895 | D:5      | Noticed a yak
  4895 | D:5      | Noticed a yak
  4902 | D:5      | Killed a yak
  4902 | D:5      | Killed a yak
  4902 | D:5      | Killed a yak
  4903 | D:5      | Reached skill level 6 in Hexes
  4903 | D:5      | Reached skill level 2 in Fighting
  4903 | D:5      | Reached skill level 4 in Spellcasting
  4903 | D:5      | Reached skill level 1 in Evocations
  4903 | D:5      | Reached XP level 8. HP: 44/61 MP: 1/17
  4996 | D:4      | Reached skill level 2 in Evocations
  5059 | D:5      | Reached skill level 3 in Fighting
  5876 | D:6      | Reached skill level 7 in Conjurations
  6599 | D:6      | Reached skill level 8 in Conjurations
  6681 | D:6      | Reached skill level 1 in Armour
  6927 | D:6      | Noticed Prince Ribbit
  6930 | D:6      | Reached skill level 2 in Armour
  6930 | D:6      | Killed Prince Ribbit
  6931 | D:6      | Reached skill level 3 in Armour
  6931 | D:6      | Reached XP level 9. HP: 69/69 MP: 10/18
  7107 | D:6      | Reached skill level 1 in Ranged Weapons
  7138 | D:6      | Identified the +1 robe of Conscience {Int+4}
  7142 | D:6      | Reached skill level 2 in Ranged Weapons
  7823 | D:7      | Reached skill level 3 in Ranged Weapons
  8191 | D:7      | Reached skill level 4 in Ranged Weapons
  8320 | D:7      | Identified the +8 trident of the Evil Eye {speed, Will-
                  | Str+3 Int+2}
  8686 | D:7      | Found a staircase to the Ecumenical Temple.
  8723 | D:7      | Reached skill level 5 in Ranged Weapons
  8892 | Temple   | Entered the Ecumenical Temple
  9444 | D:8      | Reached skill level 6 in Ranged Weapons
  9455 | D:8      | Noticed a death yak
  9544 | D:8      | Noticed a death yak
  9934 | D:8      | Found a staircase to the Lair.
  9936 | D:8      | Noticed a death yak
  9955 | D:7      | Slain by a death yak

Vanquished Creatures
  Prince Ribbit (D:6)
  A steam dragon (D:7)
  4 yaks (D:5)
  4 water moccasins
  Duvessa (D:4)
  An ice beast (D:6)
  2 black bears
  3 ogres
  A centaur (D:7)
  3 phantoms
  Blork the orc (D:4)
  3 necrophages
  4 bullfrogs
  A scorpion (D:6)
  9 wights
  Dowan (D:4)
  A howler monkey (D:8)
  2 jellies
  An orc priest (D:6)
  4 hounds
  A gnoll bouda (D:7)
  Jessica (D:2)
  Terence (D:2)
  An iguana (D:5)
  7 orc wizards
  A hell rat (D:8)
  Robin (D:3)
  3 gnolls (D:7)
  9 adders
  A shadow imp (D:8)
  A white imp (D:6)
  2 worms
  2 dart slugs
  13 orcs
  10 ball pythons
  6 endoplasms
  8 giant cockroaches
  19 goblins
  10 hobgoblins
  3 quokkas
  4 bats
  4 kobolds
  4 rats
  A fulminant prism (D:8)
161 creatures vanquished.

Vanquished Creatures (others)
  An endoplasm (D:3)
  22 fulminant prisms
23 creatures vanquished.

Grand Total: 184 creatures vanquished

Table legend: (Time is in decaauts)
 A = Elapsed time spent in this place.
 B = Non-inter-level travel time spent in this place.
 C = Inter-level travel time spent in this place.
 D = Time resting spent in this place.
 E = Time spent auto-exploring this place.
 F = Levels seen in this place.
 G = Mean time per level.
                   A        B        C        D        E       F      G
               +--------+--------+--------+--------+--------+-----+--------+
         Total |   9974 |   9287 |    687 |   1678 |   6423 |   9 | 1108.2 |
       Dungeon |   9617 |   8983 |    634 |   1678 |   6123 |   8 | 1202.1 |
        Temple |    356 |    303 |     53 |      0 |    300 |   1 |  356.0 |
               +--------+--------+--------+--------+--------+-----+--------+

Top non-repeatable levels by time:
     D:6: 1795 daAuts
     D:7: 1707 daAuts
     D:3: 1658 daAuts
     D:4: 1332 daAuts
     D:1: 1226 daAuts
     D:2: 927 daAuts
     D:5: 826 daAuts
  Temple: 356 daAuts
     D:8: 143 daAuts

Table legend:
 A = Non-vault XP
 B = Vault XP
 C = Vault XP percentage of total XP
 D = Non-vault monster count
 E = Vault monster count
 F = Vault count percentage of total count
                 A         B        C        D         E       F
            +---------+---------+-------+---------+---------+-------
      Total |    5151 |     720 |  12.3 |     141 |      19 |  11.9
            +---------+---------+-------+---------+---------+-------
        D:1 |      56 |       0 |   0.0 |      32 |       0 |   0.0
        D:2 |      27 |      73 |  73.0 |       9 |       2 |  18.2
        D:3 |     255 |      32 |  11.1 |      15 |      12 |  44.4
        D:4 |     442 |     314 |  41.5 |      25 |       3 |  10.7
        D:5 |    1143 |       0 |   0.0 |      14 |       0 |   0.0
        D:6 |    1129 |     268 |  19.2 |      14 |       1 |   6.7
        D:7 |    1178 |       0 |   0.0 |      18 |       0 |   0.0
        D:8 |     921 |      33 |   3.5 |      14 |       1 |   6.7
            +---------+---------+-------+---------+---------+-------
